Atomiques vs Harfangs
Created - 7 mars 2016 at 20:58
Goals
|
| Atomiques |
4 |
1 |
2 |
7 |
| Harfangs |
2 |
4 |
0 |
6 |
|
Shots
|
| Atomiques |
9 |
10 |
16 |
35 |
| Harfangs |
8 |
12 |
11 |
31 |
|
1st period
1. Harfangs , Mats Zuccarello 27 (Brock Nelson, Stefan Ruzicka) at 7:13
2. Atomiques , Tyler Kennedy 38 (Tyler Brenner, Brad Winchester) at 10:26
3. Atomiques , Ryan Shannon 15 (Kyle Wharton, Marc-Antoine Pouliot) at 16:03
4. Atomiques , Nick Johnson 16 (Shawn Belle, Andrew Kozek) at 16:39
5. Atomiques , Brad Winchester 33 (Tyler Kennedy, Tyler Brenner) at 16:47
6. Harfangs , Brandon Pirri 7 (Peter Olvecky, Alexandre Picard) at 17:46
Penalties :
Petri Kontiola (BEA) for Hooking (Minor) at 4:10, Alex Berry (STB) for Hooking (Minor) at 11:50, Shawn Belle (STB) for Holding Stick (Minor) at 18:02
2nd period
7. Harfangs , Andrew Orpik 8 (Stefan Ruzicka) at 5:46 (PP)
8. Atomiques , Marc-Antoine Pouliot 9 (Ryan Shannon, Kenndal McArdle) at 6:43
9. Harfangs , Peter Olvecky 19 (Stefan Ruzicka) at 11:50 (PP)
10. Harfangs , Dustin Jeffrey 20 (Stefan Ruzicka, Alexandre Picard) at 12:21
11. Harfangs , Alex Killorn 19 (Chris Kreider) at 16:06
Penalties :
Tyler Brenner (STB) for Hooking (Minor) at 1:38, Alex Berry (STB) for Hooking (Minor) at 3:51, Brandon Pirri (BEA) for Holding (Minor) at 7:35, Kenndal McArdle (STB) for Hooking (Minor) at 11:44, Davis Drewiske (STB) for Hooking (Minor) at 16:17, Stefan Ruzicka (BEA) for Hooking (Minor) at 19:41
3rd period
12. Atomiques , Alex Berry 12 (Brett Sutter, Davis Drewiske) at 8:05
13. Atomiques , Brad Winchester 34 (Tyler Kennedy, Alex Auld) at 10:35 (PP)
Penalties :
Mike Hoffman (BEA) for Hooking (Minor) at 10:23, Stefan Ruzicka (BEA) for Hooking (Minor) at 12:29, Tyler Brenner (STB) for Holding (Minor) at 17:44
Goalie Stats
Alex Auld (STB), 25 saves from 31 shots - (0,806), W, 15-17-4, 60:00 minutes
Darcy Kuemper (BEA), 25 saves from 28 shots - (0,893), L, 10-13-1, 42:00 minutes
Jeremy Duchesne (BEA), 3 saves from 7 shots - (0,429), 16:47 minutes
Players Stats for Atomiques
Player Name G A P +/- PIM S H SB GA TA FO MP PP MP PK MP
------------------------------------------------------------------------------------
Alex Berry 1 0 1 1 4 3 0 0 0 0 0/0 6:00 0:14 0:00
Alexander Sulzer 0 0 0 2 0 0 1 2 0 2 0/0 29:33 5:21 7:08
Andrew Kozek 0 1 1 -1 0 0 1 0 0 0 0/1 11:43 0:00 1:08
Brad Winchester 2 1 3 2 0 3 1 0 1 1 10/15 24:55 4:33 7:04
Brett Connolly 0 0 0 0 0 0 0 0 0 0 0/0 0:20 0:14 0:00
Brett Sutter 0 1 1 1 0 1 0 0 0 0 1/4 5:46 0:00 0:07
Casey Borer 0 0 0 0 0 0 0 0 0 0 0/0 2:21 0:00 0:00
Clayton Stoner 0 0 0 1 0 0 1 1 0 0 0/0 8:22 0:00 0:00
Davis Drewiske 0 1 1 -1 2 1 0 4 2 1 0/0 17:55 2:47 3:49
Drew Larman 0 0 0 0 0 0 0 0 0 0 0/0 0:24 0:14 0:00
John McCarthy 0 0 0 1 0 2 0 1 0 0 1/1 5:39 0:00 0:00
Kenndal McArdle 0 1 1 0 2 2 2 0 0 0 0/1 13:46 3:21 0:00
Kyle Wharton 0 1 1 1 0 1 0 1 0 1 0/0 8:22 0:00 0:00
Mac Bennett 0 0 0 0 0 0 0 0 0 0 0/0 2:01 0:00 1:12
Marc-André Cliche 0 0 0 -1 0 1 0 1 0 0 1/5 10:23 0:00 0:00
Marc-Antoine Pouliot 1 1 2 0 0 1 2 0 1 0 4/7 13:47 3:21 0:00
Nick Johnson 1 0 1 -1 0 1 1 0 1 0 0/0 12:44 0:00 2:21
Roman Polak 0 0 0 0 0 0 0 0 0 0 0/0 0:00 0:00 0:00
Ryan Shannon 1 1 2 0 0 6 4 0 3 1 2/3 17:48 3:21 4:01
Scott Jackson 0 0 0 0 0 0 0 1 0 0 0/0 2:21 0:00 0:00
Shawn Belle 0 1 1 -1 2 2 0 0 1 1 0/0 19:08 2:47 3:55
Trevor Van Riemsdyk 0 0 0 0 0 0 0 0 0 0 0/0 0:40 0:00 0:40
Tyler Brenner 0 2 2 2 4 1 2 0 0 1 19/39 20:01 4:33 2:29
Tyler Kennedy 1 2 3 2 0 9 2 2 3 0 2/2 24:25 4:33 6:42
Victor Hedman 0 0 0 2 0 1 0 3 1 0 0/0 29:33 5:21 7:08
Players Stats for Harfangs
Player Name G A P +/- PIM S H SB GA TA FO MP PP MP PK MP
------------------------------------------------------------------------------------
Alex Killorn 1 0 1 0 0 3 0 0 0 2 10/23 18:50 5:54 3:47
Alexandre Picard 0 2 2 -3 0 1 2 1 3 1 0/0 28:41 5:54 4:06
Andrew Orpik 1 0 1 1 0 2 0 4 1 3 0/0 28:01 6:02 4:02
Brandon Pirri 1 0 1 -1 2 1 0 0 0 0 4/11 10:28 0:04 0:10
Brian Lashoff 0 0 0 1 0 0 1 0 0 0 0/0 19:55 6:02 4:02
Brock Nelson 0 1 1 0 0 2 2 0 0 2 13/28 19:45 5:58 4:11
Cam Fowler 0 0 0 0 0 0 1 1 0 3 0/0 11:24 0:00 0:00
Chris Kreider 0 1 1 0 0 6 1 0 0 0 0/0 15:36 5:54 0:08
Dustin Jeffrey 1 0 1 0 0 2 1 0 0 0 0/0 9:08 0:00 0:00
Mats Zuccarello 1 0 1 0 0 4 2 0 1 1 1/2 19:03 5:58 3:49
Michal Repik 0 0 0 -1 0 1 0 1 0 0 1/1 9:55 0:00 0:00
Mike Hoffman 0 0 0 -1 2 1 0 0 0 0 0/0 10:59 0:00 0:00
Peter Olvecky 1 1 2 -1 0 2 5 1 0 0 2/2 20:08 5:58 4:11
Petri Kontiola 0 0 0 -1 2 1 2 0 1 1 7/10 11:08 0:00 0:00
Reid McNeill 0 0 0 0 0 0 0 0 0 0 0/0 11:24 0:00 0:00
Stefan Ruzicka 0 4 4 0 4 2 2 0 2 0 0/1 15:37 5:58 0:00
Tomas Tatar 0 0 0 -1 0 0 1 0 0 0 0/0 11:10 0:04 0:00
Victor Bartley 0 0 0 -3 0 3 2 1 0 0 0/0 20:35 5:54 4:06
3 Stars
1 - Brad Winchester (STB)
2 - Tyler Kennedy (STB)
3 - Ryan Shannon (STB)
Power Play
Atomiques - 1 on 5 Attempt(s) - 20,00%
Harfangs - 2 on 7 Attempt(s) - 28,57%
Penalty Kill
Atomiques - 5 on 7 Attempt(s) - 71,43%
- Score 0 goal in Penalty Kill
Harfangs - 4 on 5 Attempt(s) - 80,00%
- Score 0 goal in Penalty Kill
Team Stat
Atomiques - Hits : 17 - Faceoff Wins : 40 - Blocked Shots : 16 - Penalty Minutes : 14
Harfangs - Hits : 22 - Faceoff Wins : 38 - Blocked Shots : 9 - Penalty Minutes : 10
Official
Referees : Banfield David and Morton Dean
Linesman : Jean Morin and Mike Cvik
Game Notes
Darcy Kuemper enters game at 16:47 of 1st period
Finance
Level 1 -- Attendance: 1510 (75,50%) -- Ticket Income 45 300 $
Level 2 -- Attendance: 706 (70,60%) -- Ticket Income 10 590 $
Total Attendance: 2216 (73,87%)
Total Ticket Income: 55 890 $
Other Income: 2 794 $
Total Income: 58 684 $
Atomiques
5 vs 5 Forward
Center Left Wing Right Wing Time % Phy DF OF
1 Tyler Brenner Brad Winchester Tyler Kennedy 40 1 2 2
2 Marc-Antoine Pouliot Kenndal McArdle Ryan Shannon 30 1 2 2
3 Marc-André Cliche Andrew Kozek Nick Johnson 20 1 2 2
4 Brett Sutter John McCarthy Alex Berry 10 1 2 2
5 vs 5 Defense
Defense Defense Time % Phy DF OF
1 Alexander Sulzer Victor Hedman 40 1 2 2
2 Shawn Belle Davis Drewiske 30 1 2 2
3 Kyle Wharton Clayton Stoner 20 1 2 2
4 Scott Jackson Casey Borer 10 1 2 2
PowerPlay Forward
Center Left Wing Right Wing Time % Phy DF OF
1 Tyler Brenner Brad Winchester Tyler Kennedy 60 1 2 2
2 Marc-Antoine Pouliot Kenndal McArdle Ryan Shannon 40 1 2 2
PowerPlay Defense
Defense Defense Time % Phy DF OF
1 Alexander Sulzer Victor Hedman 60 1 2 2
2 Shawn Belle Davis Drewiske 40 1 2 2
Penalty Kill 4 Players Forward
Center Wing Time % Phy DF OF
1 Brad Winchester Tyler Kennedy 60 1 2 2
2 Ryan Shannon Tyler Brenner 40 1 2 2
Penalty Kill 4 Players Defense
Defense Defense Time % Phy DF OF
1 Alexander Sulzer Victor Hedman 60 1 2 2
2 Shawn Belle Davis Drewiske 40 1 2 2
Penalty Kill - 3 Players Forward
Forward Time % Phy DF OF
1 Brad Winchester 60 1 2 2
2 Tyler Kennedy 40 1 2 2
Penalty Kill - 3 Players Defense
Defense Defense Time % Phy DF OF
1 Alexander Sulzer Victor Hedman 60 1 2 2
2 Shawn Belle Davis Drewiske 40 1 2 2
4 vs 4 Forward
Center Wing Time % Phy DF OF
1 Brad Winchester Tyler Kennedy 60 1 2 2
2 Ryan Shannon Tyler Brenner 40 1 2 2
4 vs 4 Defense
Defense Defense Time % Phy DF OF
1 Alexander Sulzer Victor Hedman 60 1 2 2
2 Shawn Belle Davis Drewiske 40 1 2 2
Last Minutes Offensive
Center Left Wing Right Wing Defense Defense
Tyler Brenner Brad Winchester Tyler Kennedy Alexander Sulzer Victor Hedman
Last Minutes Defensive
Center Left Wing Right Wing Defense Defense
Tyler Brenner Brad Winchester Tyler Kennedy Alexander Sulzer Victor Hedman
Goaltenders
Starting : Alex Auld
Backup : Sergei Bobrovsky
Extra Forwards
Normal : Drew Larman, Brett Connolly, Nick Johnson - PP : Drew Larman, Brett Connolly - PK : Nick Johnson
Extra Defensemen
Normal : Roman Polak, Mac Bennett, Trevor Van Riemsdyk - PP : Roman Polak - PK : Mac Bennett, Trevor Van Riemsdyk
Penalty Shots
Brad Winchester, Tyler Kennedy, Ryan Shannon, Tyler Brenner, Kenndal McArdle
Harfangs
5 vs 5 Forward
Center Left Wing Right Wing Time % Phy DF OF
1 Alex Killorn Chris Kreider Mats Zuccarello 25 1 2 2
2 Brock Nelson Dustin Jeffrey Stefan Ruzicka 25 1 2 2
3 Petri Kontiola Tomas Tatar Mike Hoffman 25 1 2 2
4 Brandon Pirri Peter Olvecky Michal Repik 25 1 2 2
5 vs 5 Defense
Defense Defense Time % Phy DF OF
1 Alexandre Picard Victor Bartley 25 1 2 2
2 Brian Lashoff Andrew Orpik 25 1 2 2
3 Cam Fowler Reid McNeill 25 0 3 2
4 Alexandre Picard Andrew Orpik 25 1 2 2
PowerPlay Forward
Center Left Wing Right Wing Time % Phy DF OF
1 Alex Killorn Chris Kreider Mats Zuccarello 50 1 2 2
2 Brock Nelson Peter Olvecky Stefan Ruzicka 50 1 2 2
PowerPlay Defense
Defense Defense Time % Phy DF OF
1 Alexandre Picard Victor Bartley 50 1 2 2
2 Andrew Orpik Brian Lashoff 50 1 2 2
Penalty Kill 4 Players Forward
Center Wing Time % Phy DF OF
1 Brock Nelson Peter Olvecky 50 1 2 2
2 Alex Killorn Mats Zuccarello 50 1 2 2
Penalty Kill 4 Players Defense
Defense Defense Time % Phy DF OF
1 Alexandre Picard Victor Bartley 50 1 2 2
2 Brian Lashoff Andrew Orpik 50 1 2 2
Penalty Kill - 3 Players Forward
Forward Time % Phy DF OF
1 Brock Nelson 50 1 2 2
2 Alex Killorn 50 1 2 2
Penalty Kill - 3 Players Defense
Defense Defense Time % Phy DF OF
1 Alexandre Picard Victor Bartley 50 1 2 2
2 Brian Lashoff Andrew Orpik 50 1 2 2
4 vs 4 Forward
Center Wing Time % Phy DF OF
1 Alex Killorn Chris Kreider 50 1 2 2
2 Brock Nelson Stefan Ruzicka 50 1 2 2
4 vs 4 Defense
Defense Defense Time % Phy DF OF
1 Alexandre Picard Victor Bartley 50 1 2 2
2 Andrew Orpik Brian Lashoff 50 1 2 2
Last Minutes Offensive
Center Left Wing Right Wing Defense Defense
Petri Kontiola Chris Kreider Mats Zuccarello Alexandre Picard Andrew Orpik
Last Minutes Defensive
Center Left Wing Right Wing Defense Defense
Petri Kontiola Chris Kreider Mats Zuccarello Brian Lashoff Andrew Orpik
Goaltenders
Starting : Jeremy Duchesne
Backup : Darcy Kuemper
Extra Forwards
Normal : Stefan Ruzicka, Chris Kreider, Mats Zuccarello - PP : Stefan Ruzicka, Chris Kreider - PK : Mats Zuccarello
Extra Defensemen
Normal : Alexandre Picard, Andrew Orpik, Victor Bartley - PP : Andrew Orpik - PK : Alexandre Picard, Victor Bartley
Penalty Shots
Mats Zuccarello, Tomas Tatar, Petri Kontiola, Dustin Jeffrey, Peter Olvecky
% Time on Ice - Atomiques
Lines # - Real PCT - Wanted PCT - Time Play
Normal Forward
1 - 33% - 40% - 13:18
2 - 26% - 30% - 10:32
3 - 26% - 20% - 10:23
4 - 14% - 10% - 5:39
Normal Defense
1 - 43% - 40% - 17:00
2 - 30% - 30% - 12:09
3 - 21% - 20% - 8:22
4 - 6% - 10% - 2:21
PP Forward
1 - 56% - 60% - 4:33
2 - 44% - 40% - 3:35
PP Defense
1 - 66% - 60% - 5:21
2 - 34% - 40% - 2:47
PK Forward
1 - 66% - 60% - 7:55
2 - 34% - 40% - 4:01
PK Defense
1 - 60% - 60% - 7:08
2 - 40% - 40% - 4:48
PK3 Forward
1 - 0% - 60%
2 - 0% - 40%
PK3 Defense
1 - 0% - 60%
2 - 0% - 40%
44 Forward
1 - 0% - 60%
2 - 0% - 40%
44 Defense
1 - 0% - 60%
2 - 0% - 40%
Last Minute Offensive - 0:00
Last Minute Defensive - 0:04
Total
Forward - 60:00
Defense - 60:00
|
% Time on Ice - Harfangs
Lines # - Real PCT - Wanted PCT - Time Play
Normal Forward
1 - 24% - 25% - 9:24
2 - 24% - 25% - 9:32
3 - 28% - 25% - 11:00
4 - 25% - 25% - 9:55
Normal Defense
1 - 25% - 25% - 9:54
2 - 25% - 25% - 9:51
3 - 29% - 25% - 11:24
4 - 22% - 25% - 8:42
PP Forward
1 - 50% - 50% - 5:58
2 - 50% - 50% - 5:58
PP Defense
1 - 49% - 50% - 5:54
2 - 51% - 50% - 6:02
PK Forward
1 - 52% - 50% - 4:16
2 - 48% - 50% - 3:52
PK Defense
1 - 50% - 50% - 4:06
2 - 50% - 50% - 4:02
PK3 Forward
1 - 0% - 50%
2 - 0% - 50%
PK3 Defense
1 - 0% - 50%
2 - 0% - 50%
44 Forward
1 - 0% - 50%
2 - 0% - 50%
44 Defense
1 - 0% - 50%
2 - 0% - 50%
Last Minute Offensive - 0:05
Last Minute Defensive - 0:00
Total
Forward - 60:00
Defense - 60:00
|
Play by Play
1st period
0:01 of 1st period - Alex Killorn wins face-off versus Tyler Brenner in neutral zone.
0:08 of 1st period - Wrist shot by Mats Zuccarello.
0:08 of 1st period - Shot Blocked by Tyler Kennedy.
0:10 of 1st period - Slapshot by Alexandre Picard.
0:10 of 1st period - Deflect By Chris Kreider.
0:10 of 1st period - Shot Misses the Net.
0:10 of 1st period - Puck is out of play.
0:11 of 1st period - Marc-Antoine Pouliot wins face-off versus Brock Nelson in Atomiques zone.
0:52 of 1st period - Brian Lashoff is hit by Tyler Brenner and loses puck.
2:06 of 1st period - Slapshot by Victor Hedman.
2:06 of 1st period - Stopped by Jeremy Duchesne without a rebound.
2:07 of 1st period - Tyler Brenner wins face-off versus Brandon Pirri in Harfangs zone.
2:32 of 1st period - Petri Kontiola is hit by Marc-Antoine Pouliot.
2:58 of 1st period - Snap shot by Stefan Ruzicka.
2:58 of 1st period - Stopped by Alex Auld without a rebound.
2:59 of 1st period - Brock Nelson wins face-off versus Tyler Brenner in Atomiques zone.
3:44 of 1st period - Snap shot by Peter Olvecky.
3:44 of 1st period - Shot Misses the Net.
3:46 of 1st period - Slapshot by Michal Repik.
3:46 of 1st period - Stopped by Alex Auld with a rebound.
3:48 of 1st period - Slapshot by Brian Lashoff.
3:48 of 1st period - Shot Hit the Post.
3:50 of 1st period - Snap shot by Peter Olvecky.
3:50 of 1st period - Shot Blocked by Alexander Sulzer.
3:52 of 1st period - Slapshot by Peter Olvecky.
3:52 of 1st period - Stopped by Alex Auld with a rebound.
4:08 of 1st period - Slapshot by Victor Hedman.
4:08 of 1st period - Shot Blocked by Andrew Orpik.
4:10 of 1st period - Minor Penalty to Petri Kontiola for Hooking.
4:11 of 1st period - Tyler Brenner wins face-off versus Brock Nelson in Harfangs zone.
4:45 of 1st period - Kenndal McArdle is hit by Peter Olvecky and loses puck.
5:32 of 1st period - Tyler Brenner is hit by Alexandre Picard and loses puck.
6:10 of 1st period - Penalty to Petri Kontiola is over, Petri Kontiola is back on ice.
6:13 of 1st period - Snap shot by Nick Johnson.
6:13 of 1st period - Deflect By Marc-André Cliche.
6:13 of 1st period - Shot Misses the Net.
6:13 of 1st period - Puck is out of play.
6:14 of 1st period - Petri Kontiola wins face-off versus Andrew Kozek in Harfangs zone.
6:40 of 1st period - Clayton Stoner is hit by Cam Fowler and loses puck.
7:13 of 1st period - Wrist shot by Mats Zuccarello.
7:13 of 1st period - Goal by Mats Zuccarello - Atomiques : 0 - Harfangs : 1.
7:14 of 1st period - Tyler Brenner wins face-off versus Alex Killorn in neutral zone.
7:50 of 1st period - Kenndal McArdle is hit by Tomas Tatar and loses puck.
8:47 of 1st period - Wrist shot by Alex Killorn.
8:47 of 1st period - Stopped by Alex Auld with a rebound.
8:49 of 1st period - Wrist shot by Mats Zuccarello.
8:49 of 1st period - Deflect By Chris Kreider.
8:49 of 1st period - Shot Misses the Net.
8:49 of 1st period - Puck is out of play.
8:50 of 1st period - Marc-Antoine Pouliot wins face-off versus Alex Killorn in Atomiques zone.
8:55 of 1st period - Alex Killorn is hit by Kenndal McArdle and loses puck.
9:04 of 1st period - Slapshot by Kenndal McArdle.
9:04 of 1st period - Shot Misses the Net.
9:06 of 1st period - Slapshot by Marc-Antoine Pouliot.
9:06 of 1st period - Shot Misses the Net.
9:28 of 1st period - Wrist shot by Marc-André Cliche.
9:28 of 1st period - Shot Misses the Net.
9:44 of 1st period - Snap shot by Chris Kreider.
9:44 of 1st period - Deflect By Alex Killorn.
9:44 of 1st period - Stopped by Alex Auld without a rebound.
9:45 of 1st period - Tyler Brenner wins face-off versus Brock Nelson in Atomiques zone.
10:14 of 1st period - Icing by Brad Winchester.
10:15 of 1st period - Brad Winchester wins face-off versus Brandon Pirri in Atomiques zone.
10:26 of 1st period - Snap shot by Tyler Kennedy.
10:26 of 1st period - Goal by Tyler Kennedy - Atomiques : 1 - Harfangs : 1.
10:27 of 1st period - Petri Kontiola wins face-off versus Tyler Brenner in neutral zone.
10:32 of 1st period - Snap shot by Andrew Orpik.
10:32 of 1st period - Shot Blocked by Davis Drewiske.
11:15 of 1st period - Alexander Sulzer is hit by Peter Olvecky and loses puck.
11:38 of 1st period - Snap shot by Alexandre Picard.
11:38 of 1st period - Shot Blocked by Clayton Stoner.
11:40 of 1st period - Slapshot by Victor Bartley.
11:40 of 1st period - Shot Blocked by John McCarthy.
11:50 of 1st period - Minor Penalty to Alex Berry for Hooking.
11:51 of 1st period - Brad Winchester wins face-off versus Alex Killorn in Atomiques zone.
12:16 of 1st period - Brad Winchester is hit by Peter Olvecky and loses puck.
12:21 of 1st period - Wrist shot by Stefan Ruzicka.
12:21 of 1st period - Deflect By Brock Nelson.
12:21 of 1st period - Shot Blocked by Tyler Kennedy.
12:21 of 1st period - Puck is out of play.
12:22 of 1st period - Tyler Kennedy wins face-off versus Stefan Ruzicka in Atomiques zone.
13:50 of 1st period - Penalty to Alex Berry is over, Alex Berry is back on ice.
13:58 of 1st period - Petri Kontiola is hit by Ryan Shannon.
14:02 of 1st period - Casey Borer is hit by Petri Kontiola and loses puck.
14:17 of 1st period - Backhand shot by Peter Olvecky.
14:17 of 1st period - Shot Misses the Net.
15:13 of 1st period - Marc-Antoine Pouliot is hit by Brock Nelson and loses puck.
15:24 of 1st period - Marc-Antoine Pouliot is hit by Chris Kreider and loses puck.
15:51 of 1st period - Wrist shot by Ryan Shannon.
15:51 of 1st period - Shot Misses the Net.
15:57 of 1st period - Wrist shot by Ryan Shannon.
15:57 of 1st period - Shot Blocked by Michal Repik.
15:59 of 1st period - Snap shot by Ryan Shannon.
15:59 of 1st period - Stopped by Jeremy Duchesne with a rebound.
16:01 of 1st period - Wrist shot by Kyle Wharton.
16:01 of 1st period - Shot Misses the Net.
16:03 of 1st period - Snap shot by Ryan Shannon.
16:03 of 1st period - Goal by Ryan Shannon - Atomiques : 2 - Harfangs : 1.
16:04 of 1st period - Brock Nelson wins face-off versus Tyler Brenner in neutral zone.
16:35 of 1st period - Wrist shot by Andrew Kozek.
16:35 of 1st period - Shot Misses the Net.
16:37 of 1st period - Slapshot by Shawn Belle.
16:37 of 1st period - Stopped by Jeremy Duchesne with a rebound.
16:39 of 1st period - Snap shot by Nick Johnson.
16:39 of 1st period - Goal by Nick Johnson - Atomiques : 3 - Harfangs : 1.
16:40 of 1st period - Tyler Brenner wins face-off versus Alex Killorn in neutral zone.
16:47 of 1st period - Snap shot by Brad Winchester.
16:47 of 1st period - Goal by Brad Winchester - Atomiques : 4 - Harfangs : 1.
16:47 of 1st period - Darcy Kuemper enters game.
16:48 of 1st period - Tyler Kennedy wins face-off versus Brock Nelson in neutral zone.
16:53 of 1st period - Snap shot by Tyler Kennedy.
16:53 of 1st period - Deflect By Andrew Orpik.
16:53 of 1st period - Stopped by Darcy Kuemper without a rebound.
16:54 of 1st period - Brock Nelson wins face-off versus Tyler Brenner in Harfangs zone.
17:09 of 1st period - Andrew Orpik is hit by Brad Winchester and loses puck.
17:22 of 1st period - Snap shot by Kenndal McArdle.
17:22 of 1st period - Shot Misses the Net.
17:24 of 1st period - Snap shot by Kenndal McArdle.
17:24 of 1st period - Shot Misses the Net.
17:26 of 1st period - Slapshot by Victor Hedman.
17:26 of 1st period - Deflect By Ryan Shannon.
17:26 of 1st period - Stopped by Darcy Kuemper with a rebound.
17:42 of 1st period - Snap shot by Peter Olvecky.
17:42 of 1st period - Shot Misses the Net.
17:44 of 1st period - Wrist shot by Peter Olvecky.
17:44 of 1st period - Shot Misses the Net.
17:46 of 1st period - Slapshot by Brandon Pirri.
17:46 of 1st period - Goal by Brandon Pirri - Atomiques : 4 - Harfangs : 2.
17:47 of 1st period - Alex Killorn wins face-off versus Tyler Brenner in neutral zone.
18:00 of 1st period - Wrist shot by Chris Kreider.
18:00 of 1st period - Stopped by Alex Auld with a rebound.
18:02 of 1st period - Minor Penalty to Shawn Belle for Holding Stick.
18:03 of 1st period - Brad Winchester wins face-off versus Brock Nelson in Atomiques zone.
18:03 of 1st period - Brad Winchester is hit by Alexandre Picard.
18:36 of 1st period - Wrist shot by Alex Killorn.
18:36 of 1st period - Shot Misses the Net.
18:38 of 1st period - Snap shot by Alex Killorn.
18:38 of 1st period - Shot Blocked by Victor Hedman.
19:00 of 1st period - Tyler Kennedy is hit by Peter Olvecky and loses puck.
19:26 of 1st period - Icing by Peter Olvecky.
19:27 of 1st period - Brad Winchester wins face-off versus Brock Nelson in Harfangs zone.
Goals for this period are 4 for Atomiques vs 2 for Harfangs.
Shots for this period are 9 for Atomiques vs 8 for Harfangs.
2nd period
0:01 of 2nd period - Brad Winchester wins face-off versus Alex Killorn in neutral zone.
0:02 of 2nd period - Penalty to Shawn Belle is over, Shawn Belle is back on ice.
0:13 of 2nd period - Wrist shot by Mats Zuccarello.
0:13 of 2nd period - Shot Misses the Net.
1:23 of 2nd period - Slapshot by Alexandre Picard.
1:23 of 2nd period - Stopped by Alex Auld without a rebound.
1:24 of 2nd period - Brock Nelson wins face-off versus Brett Sutter in Atomiques zone.
1:29 of 2nd period - Wrist shot by Stefan Ruzicka.
1:29 of 2nd period - Stopped by Alex Auld without a rebound.
1:30 of 2nd period - Brock Nelson wins face-off versus Tyler Brenner in Atomiques zone.
1:38 of 2nd period - Minor Penalty to Tyler Brenner for Hooking.
1:39 of 2nd period - Brad Winchester wins face-off versus Brock Nelson in Atomiques zone.
1:53 of 2nd period - Backhand shot by Brock Nelson.
1:53 of 2nd period - Shot Misses the Net.
1:55 of 2nd period - Slapshot by Brian Lashoff.
1:55 of 2nd period - Shot Blocked by Alexander Sulzer.
2:05 of 2nd period - Brian Lashoff is hit by Ryan Shannon and loses puck.
3:38 of 2nd period - Penalty to Tyler Brenner is over, Tyler Brenner is back on ice.
3:49 of 2nd period - Snap shot by Petri Kontiola.
3:49 of 2nd period - Stopped by Alex Auld with a rebound.
3:51 of 2nd period - Minor Penalty to Alex Berry for Hooking.
3:52 of 2nd period - Brad Winchester wins face-off versus Brock Nelson in Atomiques zone.
4:07 of 2nd period - Wrist shot by Stefan Ruzicka.
4:07 of 2nd period - Shot Blocked by Davis Drewiske.
4:30 of 2nd period - Icing by Brock Nelson.
4:31 of 2nd period - Alex Killorn wins face-off versus Ryan Shannon in Harfangs zone.
4:35 of 2nd period - Off-side.
4:36 of 2nd period - Ryan Shannon wins face-off versus Alex Killorn in neutral zone.
4:39 of 2nd period - Mats Zuccarello is hit by Tyler Brenner and loses puck.
5:04 of 2nd period - Wrist shot by Tyler Brenner.
5:04 of 2nd period - Stopped by Darcy Kuemper with a rebound.
5:06 of 2nd period - Slapshot by Ryan Shannon.
5:06 of 2nd period - Stopped by Darcy Kuemper with a rebound.
5:12 of 2nd period - Slapshot by Tyler Brenner.
5:12 of 2nd period - Deflect By Ryan Shannon.
5:12 of 2nd period - Shot Misses the Net.
5:12 of 2nd period - Puck is out of play.
5:13 of 2nd period - Brad Winchester wins face-off versus Alex Killorn in Harfangs zone.
5:46 of 2nd period - Slapshot by Andrew Orpik.
5:46 of 2nd period - Goal by Andrew Orpik - Atomiques : 4 - Harfangs : 3.
5:47 of 2nd period - Brandon Pirri wins face-off versus Marc-Antoine Pouliot in neutral zone.
6:02 of 2nd period - Snap shot by Ryan Shannon.
6:02 of 2nd period - Shot Blocked by Andrew Orpik.
6:13 of 2nd period - Icing by Kenndal McArdle.
6:14 of 2nd period - Tyler Brenner wins face-off versus Alex Killorn in Atomiques zone.
6:30 of 2nd period - Off-side.
6:31 of 2nd period - Brock Nelson wins face-off versus Marc-Antoine Pouliot in neutral zone.
6:43 of 2nd period - Wrist shot by Marc-Antoine Pouliot.
6:43 of 2nd period - Goal by Marc-Antoine Pouliot - Atomiques : 5 - Harfangs : 3.
6:44 of 2nd period - Tyler Brenner wins face-off versus Brock Nelson in neutral zone.
7:09 of 2nd period - Snap shot by Kenndal McArdle.
7:09 of 2nd period - Stopped by Darcy Kuemper with a rebound.
7:11 of 2nd period - Snap shot by Ryan Shannon.
7:11 of 2nd period - Shot Blocked by Peter Olvecky.
7:13 of 2nd period - Snap shot by Ryan Shannon.
7:13 of 2nd period - Stopped by Darcy Kuemper without a rebound.
7:14 of 2nd period - Tyler Brenner wins face-off versus Brandon Pirri in Harfangs zone.
7:21 of 2nd period - Wrist shot by Tyler Kennedy.
7:21 of 2nd period - Stopped by Darcy Kuemper with a rebound.
7:23 of 2nd period - Slapshot by Brad Winchester.
7:23 of 2nd period - Shot Misses the Net.
7:35 of 2nd period - Minor Penalty to Brandon Pirri for Holding.
7:36 of 2nd period - Brock Nelson wins face-off versus Tyler Brenner in Harfangs zone.
7:41 of 2nd period - Wrist shot by Tyler Kennedy.
7:41 of 2nd period - Stopped by Darcy Kuemper without a rebound.
7:42 of 2nd period - Brock Nelson wins face-off versus Tyler Brenner in Harfangs zone.
8:35 of 2nd period - Brad Winchester is hit by Brian Lashoff and loses puck.
8:55 of 2nd period - Slapshot by Alexander Sulzer.
8:55 of 2nd period - Shot Misses the Net.
9:35 of 2nd period - Penalty to Brandon Pirri is over, Brandon Pirri is back on ice.
9:48 of 2nd period - Icing by Kyle Wharton.
9:49 of 2nd period - Marc-André Cliche wins face-off versus Petri Kontiola in Atomiques zone.
10:12 of 2nd period - Kyle Wharton is hit by Petri Kontiola and loses puck.
11:17 of 2nd period - Snap shot by Nick Johnson.
11:17 of 2nd period - Deflect By Marc-André Cliche.
11:17 of 2nd period - Shot Blocked by Alexandre Picard.
11:17 of 2nd period - Puck is out of play.
11:18 of 2nd period - Tyler Brenner wins face-off versus Alex Killorn in Harfangs zone.
11:29 of 2nd period - Wrist shot by Tyler Kennedy.
11:29 of 2nd period - Stopped by Darcy Kuemper with a rebound.
11:44 of 2nd period - Minor Penalty to Kenndal McArdle for Hooking.
11:45 of 2nd period - Peter Olvecky wins face-off versus Brad Winchester in Atomiques zone.
11:48 of 2nd period - Snap shot by Stefan Ruzicka.
11:48 of 2nd period - Shot Misses the Net.
11:50 of 2nd period - Snap shot by Peter Olvecky.
11:50 of 2nd period - Goal by Peter Olvecky - Atomiques : 5 - Harfangs : 4.
11:51 of 2nd period - Mats Zuccarello wins face-off versus Tyler Brenner in neutral zone.
12:07 of 2nd period - Snap shot by Chris Kreider.
12:07 of 2nd period - Stopped by Alex Auld with a rebound.
12:21 of 2nd period - Snap shot by Dustin Jeffrey.
12:21 of 2nd period - Goal by Dustin Jeffrey - Atomiques : 5 - Harfangs : 5.
12:22 of 2nd period - Tyler Brenner wins face-off versus Brandon Pirri in neutral zone.
13:59 of 2nd period - Casey Borer is hit by Peter Olvecky and loses puck.
14:10 of 2nd period - Stefan Ruzicka is hit by Ryan Shannon.
14:14 of 2nd period - Wrist shot by Stefan Ruzicka.
14:14 of 2nd period - Shot Misses the Net.
14:16 of 2nd period - Wrist shot by Brian Lashoff.
14:16 of 2nd period - Deflect By Dustin Jeffrey.
14:16 of 2nd period - Stopped by Alex Auld with a rebound.
14:18 of 2nd period - Slapshot by Brian Lashoff.
14:18 of 2nd period - Shot Blocked by Scott Jackson.
14:20 of 2nd period - Wrist shot by Brock Nelson.
14:20 of 2nd period - Shot Hit the Post.
14:52 of 2nd period - Slapshot by Alex Berry.
14:52 of 2nd period - Stopped by Darcy Kuemper without a rebound.
14:53 of 2nd period - John McCarthy wins face-off versus Petri Kontiola in Harfangs zone.
15:08 of 2nd period - Snap shot by Alex Berry.
15:08 of 2nd period - Stopped by Darcy Kuemper without a rebound.
15:09 of 2nd period - Brandon Pirri wins face-off versus Tyler Brenner in Harfangs zone.
15:58 of 2nd period - Icing by Alex Killorn.
15:59 of 2nd period - Alex Killorn wins face-off versus Marc-André Cliche in Harfangs zone.
16:06 of 2nd period - Snap shot by Alex Killorn.
16:06 of 2nd period - Goal by Alex Killorn - Atomiques : 5 - Harfangs : 6.
16:07 of 2nd period - Brandon Pirri wins face-off versus Tyler Brenner in neutral zone.
16:17 of 2nd period - Minor Penalty to Davis Drewiske for Hooking.
16:18 of 2nd period - Alex Killorn wins face-off versus Brad Winchester in Atomiques zone.
16:18 of 2nd period - Wrist shot by Chris Kreider.
16:18 of 2nd period - Shot Misses the Net.
16:20 of 2nd period - Slapshot by Chris Kreider.
16:20 of 2nd period - Stopped by Alex Auld without a rebound.
16:21 of 2nd period - Brad Winchester wins face-off versus Alex Killorn in Atomiques zone.
17:32 of 2nd period - Alexander Sulzer is hit by Brock Nelson and loses puck.
17:55 of 2nd period - Wrist shot by Alexander Sulzer.
17:55 of 2nd period - Shot Blocked by Victor Bartley.
18:17 of 2nd period - Penalty to Davis Drewiske is over, Davis Drewiske is back on ice.
18:35 of 2nd period - Snap shot by Mike Hoffman.
18:35 of 2nd period - Stopped by Alex Auld with a rebound.
18:49 of 2nd period - Snap shot by Ryan Shannon.
18:49 of 2nd period - Shot Misses the Net.
18:51 of 2nd period - Slapshot by Shawn Belle.
18:51 of 2nd period - Shot Blocked by Cam Fowler.
19:21 of 2nd period - Petri Kontiola is hit by Clayton Stoner and loses puck.
19:41 of 2nd period - Minor Penalty to Stefan Ruzicka for Hooking.
19:42 of 2nd period - Alex Killorn wins face-off versus Tyler Brenner in Harfangs zone.
19:52 of 2nd period - Slapshot by Alexander Sulzer.
19:52 of 2nd period - Deflect By Brad Winchester.
19:52 of 2nd period - Shot Misses the Net.
19:52 of 2nd period - Puck is out of play.
19:53 of 2nd period - Brock Nelson wins face-off versus Tyler Brenner in Harfangs zone.
19:58 of 2nd period - Backhand shot by Victor Bartley.
19:58 of 2nd period - Stopped by Alex Auld without a rebound.
19:59 of 2nd period - Alex Killorn wins face-off versus Tyler Brenner in Atomiques zone.
Goals for this period are 1 for Atomiques vs 4 for Harfangs.
Shots for this period are 10 for Atomiques vs 12 for Harfangs.
3rd period
0:01 of 3rd period - Tyler Brenner wins face-off versus Mats Zuccarello in neutral zone.
0:33 of 3rd period - Andrew Orpik is hit by Kenndal McArdle and loses puck.
1:26 of 3rd period - Alex Killorn is hit by Tyler Kennedy and loses puck.
1:41 of 3rd period - Penalty to Stefan Ruzicka is over, Stefan Ruzicka is back on ice.
1:51 of 3rd period - Slapshot by Brett Sutter.
1:51 of 3rd period - Shot Misses the Net.
1:53 of 3rd period - Slapshot by Alex Berry.
1:53 of 3rd period - Deflect By John McCarthy.
1:53 of 3rd period - Stopped by Darcy Kuemper with a rebound.
1:57 of 3rd period - Snap shot by Alex Berry.
1:57 of 3rd period - Deflect By Stefan Ruzicka.
1:57 of 3rd period - Shot Misses the Net.
1:57 of 3rd period - Puck is out of play.
1:58 of 3rd period - Petri Kontiola wins face-off versus Marc-André Cliche in Harfangs zone.
2:02 of 3rd period - Off-side.
2:03 of 3rd period - Petri Kontiola wins face-off versus Marc-André Cliche in neutral zone.
2:36 of 3rd period - Wrist shot by Kenndal McArdle.
2:36 of 3rd period - Shot Misses the Net.
2:38 of 3rd period - Wrist shot by Marc-Antoine Pouliot.
2:38 of 3rd period - Shot Misses the Net.
2:55 of 3rd period - Icing by Alexander Sulzer.
2:56 of 3rd period - Tyler Brenner wins face-off versus Alex Killorn in Atomiques zone.
3:03 of 3rd period - Snap shot by Brad Winchester.
3:03 of 3rd period - Shot Misses the Net.
3:17 of 3rd period - Wrist shot by Mats Zuccarello.
3:17 of 3rd period - Stopped by Alex Auld with a rebound.
3:19 of 3rd period - Backhand shot by Mats Zuccarello.
3:19 of 3rd period - Stopped by Alex Auld with a rebound.
3:21 of 3rd period - Slapshot by Victor Bartley.
3:21 of 3rd period - Shot Blocked by Victor Hedman.
3:23 of 3rd period - Wrist shot by Chris Kreider.
3:23 of 3rd period - Stopped by Alex Auld without a rebound.
3:24 of 3rd period - Marc-Antoine Pouliot wins face-off versus Brock Nelson in Atomiques zone.
3:24 of 3rd period - Marc-Antoine Pouliot is hit by Victor Bartley.
4:54 of 3rd period - Off-side.
4:55 of 3rd period - Marc-Antoine Pouliot wins face-off versus Brock Nelson in neutral zone.
5:06 of 3rd period - Wrist shot by Ryan Shannon.
5:06 of 3rd period - Shot Misses the Net.
5:08 of 3rd period - Snap shot by Kenndal McArdle.
5:08 of 3rd period - Stopped by Darcy Kuemper with a rebound.
5:10 of 3rd period - Slapshot by Kyle Wharton.
5:10 of 3rd period - Stopped by Darcy Kuemper without a rebound.
5:11 of 3rd period - Tyler Brenner wins face-off versus Brandon Pirri in Harfangs zone.
5:14 of 3rd period - Slapshot by Tyler Kennedy.
5:14 of 3rd period - Shot Blocked by Andrew Orpik.
5:36 of 3rd period - Marc-Antoine Pouliot is hit by Dustin Jeffrey and loses puck.
5:57 of 3rd period - Cam Fowler is hit by Nick Johnson and loses puck.
6:04 of 3rd period - Nick Johnson is hit by Mats Zuccarello.
6:24 of 3rd period - Snap shot by Tomas Tatar.
6:24 of 3rd period - Shot Misses the Net.
6:26 of 3rd period - Snap shot by Cam Fowler.
6:26 of 3rd period - Shot Misses the Net.
6:28 of 3rd period - Wrist shot by Cam Fowler.
6:28 of 3rd period - Shot Blocked by Kyle Wharton.
6:49 of 3rd period - Snap shot by Brett Sutter.
6:49 of 3rd period - Stopped by Darcy Kuemper without a rebound.
6:50 of 3rd period - Brock Nelson wins face-off versus Marc-Antoine Pouliot in Harfangs zone.
7:15 of 3rd period - Brandon Pirri is hit by Alexander Sulzer and loses puck.
7:40 of 3rd period - Nick Johnson is hit by Mats Zuccarello and loses puck.
7:47 of 3rd period - Wrist shot by Chris Kreider.
7:47 of 3rd period - Shot Misses the Net.
7:49 of 3rd period - Slapshot by Victor Bartley.
7:49 of 3rd period - Stopped by Alex Auld with a rebound.
7:51 of 3rd period - Wrist shot by Alex Killorn.
7:51 of 3rd period - Shot Blocked by Marc-André Cliche.
8:03 of 3rd period - Snap shot by Brett Sutter.
8:03 of 3rd period - Shot Misses the Net.
8:05 of 3rd period - Wrist shot by Alex Berry.
8:05 of 3rd period - Goal by Alex Berry - Atomiques : 6 - Harfangs : 6.
8:06 of 3rd period - Tyler Brenner wins face-off versus Brock Nelson in neutral zone.
8:11 of 3rd period - Snap shot by Brad Winchester.
8:11 of 3rd period - Deflect By Tyler Kennedy.
8:11 of 3rd period - Stopped by Darcy Kuemper without a rebound.
8:12 of 3rd period - Tyler Brenner wins face-off versus Brock Nelson in Harfangs zone.
8:13 of 3rd period - Wrist shot by Tyler Kennedy.
8:13 of 3rd period - Shot Misses the Net.
8:15 of 3rd period - Snap shot by Tyler Kennedy.
8:15 of 3rd period - Stopped by Darcy Kuemper with a rebound.
8:17 of 3rd period - Snap shot by Brad Winchester.
8:17 of 3rd period - Shot Misses the Net.
8:27 of 3rd period - Snap shot by Brad Winchester.
8:27 of 3rd period - Stopped by Darcy Kuemper with a rebound.
9:01 of 3rd period - Snap shot by Davis Drewiske.
9:01 of 3rd period - Stopped by Darcy Kuemper with a rebound.
9:03 of 3rd period - Slapshot by Andrew Kozek.
9:03 of 3rd period - Shot Blocked by Andrew Orpik.
9:05 of 3rd period - Snap shot by Marc-André Cliche.
9:05 of 3rd period - Stopped by Darcy Kuemper with a rebound.
9:41 of 3rd period - Brett Sutter is hit by Stefan Ruzicka and loses puck.
9:46 of 3rd period - Wrist shot by Brock Nelson.
9:46 of 3rd period - Stopped by Alex Auld without a rebound.
9:47 of 3rd period - Brock Nelson wins face-off versus Kenndal McArdle in Atomiques zone.
10:23 of 3rd period - Minor Penalty to Mike Hoffman for Hooking.
10:24 of 3rd period - Alex Killorn wins face-off versus Tyler Brenner in Harfangs zone.
10:24 of 3rd period - Alex Killorn is hit by Tyler Kennedy.
10:35 of 3rd period - Snap shot by Brad Winchester.
10:35 of 3rd period - Goal by Brad Winchester - Atomiques : 7 - Harfangs : 6.
10:36 of 3rd period - Brandon Pirri wins face-off versus Tyler Brenner in neutral zone.
10:51 of 3rd period - Slapshot by Andrew Orpik.
10:51 of 3rd period - Shot Misses the Net.
11:03 of 3rd period - Dustin Jeffrey is hit by Ryan Shannon and loses puck.
11:32 of 3rd period - Slapshot by Chris Kreider.
11:32 of 3rd period - Stopped by Alex Auld with a rebound.
11:34 of 3rd period - Snap shot by Andrew Orpik.
11:34 of 3rd period - Shot Blocked by Davis Drewiske.
11:36 of 3rd period - Backhand shot by Mats Zuccarello.
11:36 of 3rd period - Shot Misses the Net.
11:48 of 3rd period - Slapshot by Shawn Belle.
11:48 of 3rd period - Stopped by Darcy Kuemper without a rebound.
11:49 of 3rd period - Brett Sutter wins face-off versus Petri Kontiola in Harfangs zone.
11:52 of 3rd period - Snap shot by John McCarthy.
11:52 of 3rd period - Stopped by Darcy Kuemper without a rebound.
11:53 of 3rd period - Michal Repik wins face-off versus Brett Sutter in Harfangs zone.
12:02 of 3rd period - Slapshot by Cam Fowler.
12:02 of 3rd period - Deflect By Peter Olvecky.
12:02 of 3rd period - Shot Misses the Net.
12:02 of 3rd period - Puck is out of play.
12:03 of 3rd period - Tyler Brenner wins face-off versus Brandon Pirri in Atomiques zone.
12:10 of 3rd period - Snap shot by Tyler Kennedy.
12:10 of 3rd period - Stopped by Darcy Kuemper without a rebound.
12:11 of 3rd period - Tyler Brenner wins face-off versus Brock Nelson in Harfangs zone.
12:12 of 3rd period - Slapshot by Tyler Kennedy.
12:12 of 3rd period - Stopped by Darcy Kuemper without a rebound.
12:13 of 3rd period - Tyler Brenner wins face-off versus Brock Nelson in Harfangs zone.
12:29 of 3rd period - Minor Penalty to Stefan Ruzicka for Hooking.
12:30 of 3rd period - Alex Killorn wins face-off versus Tyler Brenner in Harfangs zone.
12:56 of 3rd period - Marc-Antoine Pouliot is hit by Victor Bartley and loses puck.
13:46 of 3rd period - Brock Nelson is hit by Marc-Antoine Pouliot and loses puck.
14:27 of 3rd period - Icing by Victor Hedman.
14:28 of 3rd period - Tyler Brenner wins face-off versus Brandon Pirri in Atomiques zone.
14:29 of 3rd period - Penalty to Stefan Ruzicka is over, Stefan Ruzicka is back on ice.
14:59 of 3rd period - Victor Hedman is hit by Stefan Ruzicka and loses puck.
15:56 of 3rd period - Snap shot by Ryan Shannon.
15:56 of 3rd period - Shot Misses the Net.
15:58 of 3rd period - Snap shot by Ryan Shannon.
15:58 of 3rd period - Stopped by Darcy Kuemper without a rebound.
15:59 of 3rd period - Petri Kontiola wins face-off versus Tyler Brenner in Harfangs zone.
16:21 of 3rd period - Icing by Tyler Brenner.
16:22 of 3rd period - Peter Olvecky wins face-off versus Brett Sutter in Atomiques zone.
17:04 of 3rd period - Icing by Alexander Sulzer.
17:05 of 3rd period - Alex Killorn wins face-off versus Marc-André Cliche in Atomiques zone.
17:31 of 3rd period - Off-side.
17:32 of 3rd period - Petri Kontiola wins face-off versus Brad Winchester in neutral zone.
17:41 of 3rd period - Snap shot by Mike Hoffman.
17:41 of 3rd period - Shot Blocked by Davis Drewiske.
17:44 of 3rd period - Minor Penalty to Tyler Brenner for Holding.
17:45 of 3rd period - Brock Nelson wins face-off versus Brad Winchester in Atomiques zone.
17:50 of 3rd period - Snap shot by Peter Olvecky.
17:50 of 3rd period - Shot Blocked by Victor Hedman.
17:52 of 3rd period - Backhand shot by Brock Nelson.
17:52 of 3rd period - Stopped by Alex Auld without a rebound.
17:53 of 3rd period - Brock Nelson wins face-off versus Brad Winchester in Atomiques zone.
18:26 of 3rd period - Snap shot by Andrew Orpik.
18:26 of 3rd period - Stopped by Alex Auld without a rebound.
18:27 of 3rd period - Ryan Shannon wins face-off versus Alex Killorn in Atomiques zone.
18:34 of 3rd period - Wrist shot by Chris Kreider.
18:34 of 3rd period - Stopped by Alex Auld without a rebound.
18:35 of 3rd period - Brad Winchester wins face-off versus Alex Killorn in Atomiques zone.
18:47 of 3rd period - Harfangs, Darcy Kuemper is pulled from the net.
18:49 of 3rd period - Snap shot by Mats Zuccarello.
18:49 of 3rd period - Stopped by Alex Auld with a rebound.
18:51 of 3rd period - Backhand shot by Victor Bartley.
18:51 of 3rd period - Deflect By Brad Winchester.
18:51 of 3rd period - Stopped by Alex Auld with a rebound.
19:44 of 3rd period - Penalty to Tyler Brenner is over, Tyler Brenner is back on ice.
19:48 of 3rd period - Stefan Ruzicka is hit by Andrew Kozek and loses puck.
19:58 of 3rd period - Icing by Alexander Sulzer.
19:59 of 3rd period - Petri Kontiola wins face-off versus Tyler Brenner in Atomiques zone.
Goals for this period are 2 for Atomiques vs 0 for Harfangs.
Shots for this period are 16 for Atomiques vs 11 for Harfangs.
Back to the Top